AoeStats
← SoggyCow

Arabia

510313426Analyzed
1v1 RM · 1d ago on Sep 30, 2026· 41m 40s· 2 players
Game mode
Random Map
Map size
Tiny (2 player)
Population
200
Speed
Normal
Resources
Standard
Victory
Conquest
Starting age
Dark Age
Ending age
Imperial Age
RankedLock teamsTeams togetherTeam positionsShared explorationLock speedFull tech treeHidden civsTurbo modeCheats
Victory
Defeat
🇹🇼 Japanese · Taiwan
921
+15
🇺🇸 Persians · United States
905
-15
SoggyCow
7:50 Loom
25:18 Feudal Age
26:21 Double-Bit Axe
28:31 Bloodlines
36:27 Castle Age
台灣大表哥
0:32 Loom
10:40 Feudal Age
11:17 Man-at-Arms
21:12 Double-Bit Axe
27:04 Fletching
31:56 Bloodlines
32:00 Forging
32:41 Horse Collar
33:26 Scale Mail Armor
40:39 Castle Age
41:08 Stone Mining
40:45 Pikeman
Connection lost

Rejoining the realm…

Still unreachable

The connection could not be restored.

Session expired

The server has moved on; the page needs a fresh start.